 Dungeon Crawl Stone Soup version 0.25-a0-1130-g3926558f3a (webtiles) character file.

Game seed: 1821714828012361327, levelgen mode: deterministic

334 Flugslaktarn the Chiller (level 6, 0/31 HPs)
             Began as a Vine Stalker Ice Elementalist on May 19, 2020.
             Was an Initiate of Makhleb.
             Slain by a troll (17 damage)
             ... on level 6 of the Dungeon.
             The game lasted 00:06:45 (1002 turns).

Flugslaktarn the Chiller (VSIE)                     Turns: 1002, Time: 00:06:46

Health: 0/31       AC:  2    Str: 11    XL:     6   Next: 53%
Magic:  0/13       EV: 13    Int: 17    God:    Makhleb [......]
Gold:   161        SH:  0    Dex: 20    Spells: 9/13 levels left

rFire    + . .     SeeInvis .   l - +1 dagger (venom)
rCold    . . .     Gourm    .   (no shield)
rNeg     . . .     Faith    +   a - +0 robe
rPois    .         Spirit   +   (no helmet)
rElec    .         Reflect  .   (no cloak)
rCorr    .         Harm     .   (no gloves)
MR       .....                  (no boots)
Stlth    +.........             p - amulet of faith
HPRegen  0.50/turn              f - ring of protection from fire
MPRegen  0.13/turn              k - +6 ring of dexterity

@: mighty, very slow
A: fangs 2, regeneration 1, magic shield, antimagic bite, no potion heal 3, rot
immunity
a: Renounce Religion


You were on level 6 of the Dungeon.
You worshipped Makhleb.
Makhleb was noncommittal.
You were hungry.

You visited 2 branches of the dungeon, and saw 7 of its levels.

You collected 161 gold pieces.

Inventory:

Hand Weapons
 l - a +1 dagger of venom (weapon)
   (You found it on level 3 of the Dungeon)
Armour
 a - a +0 robe (worn)
Jewellery
 f - a ring of protection from fire (left hand)
   (You found it on level 1 of the Dungeon)
 k - a +6 ring of dexterity (right hand)
   (You found it on level 3 of the Dungeon)
 p - an amulet of faith (around neck)
   (You found it on level 4 of the Dungeon)
Scrolls
 b - a scroll of enchant armour {unknown}
 c - 2 scrolls of immolation {unknown}
 g - a scroll of teleportation {unknown}
 h - a scroll of enchant weapon {unknown}
 i - a scroll of remove curse {unknown}
 j - 2 scrolls of identify
 m - a scroll of magic mapping {unknown}
 n - a scroll of random uselessness {unknown}
 o - a scroll of fog {unknown}
 s - a scroll of fear {unknown}
Potions
 q - a potion of curing
 r - a potion of heal wounds {unknown}
 t - a potion of degeneration {unknown}
 u - a potion of haste {unknown}
Comestibles
 e - 5 rations


   Skills:
 + Level 2.3 Fighting
 - Level 2.0 Dodging
 - Level 2.4 Stealth
 - Level 4.0 Spellcasting
 - Level 6.0 Ice Magic


You had 9 spell levels left.
You knew the following spells:

 Your Spells              Type           Power        Failure   Level  Hunger
a - Freeze                Ice            ###.         1%          1    None
b - Frozen Ramparts       Ice            ###...       4%          3    ###....

Your spell library contained the following spells:

 Spells                   Type           Power        Failure   Level  Hunger
 Ozocubu's Armour         Chrm/Ice       ##......     14%         3    ###....
 Summon Small Mammal      Summ           #...         16%         1    None
 Call Imp                 Summ           #.......     24%         2    ##.....
 Hailstorm                Conj/Ice       ##......     41%         4    ####...
 Summon Ice Beast         Ice/Summ       ##......     41%         4    ####...
 Call Canine Familiar     Summ           #.......     43%         3    ###....
 Summon Guardian Golem    Hex/Summ       #.......     43%         3    ###....
 Summon Lightning Spire   Summ/Air       #.......     83%         4    ####...


Dungeon Overview and Level Annotations

Branches:
Dungeon (6/15)             Temple (1/1) D:5

Altars:
Ashenzari
Cheibriados
Dithmenos
Makhleb
Okawaru
Ru
Uskayaw
Vehumet
Wu Jian
Yredelemnul
Zin
The Shining One


Innate Abilities, Weirdness & Mutations

You have extremely sharp teeth.
Your natural rate of healing is unusually fast.
When hurt, damage is shared between your health and your magic reserves.
Your bite disrupts and absorbs the magic of your enemies.
Potions cannot restore your health.
You are immune to rotting.


Message History

You see here a worm corpse.
The troll shouts!
Unknown command.
You aren't carrying any items that you can evoke.
Unknown command.
It was a potion of curing.
That felt strangely inert.
q - a potion of curing;
r - a grey potion
Okay, then.
As you read the scroll labeled WEPPEQ FOMUADGH, it crumbles to dust.
It is a scroll of identify.
j - a potion of might;
d - a potion of might;
j - 3 scrolls of identify The frozen ramparts melt away.
You feel very mighty all of a sudden.
Your unstable footing causes you to fumble your attack.
The troll bites you!! The troll barely misses you.
The troll closely misses you.
Your unstable footing causes you to fumble your attack.
The troll bites you!!
Ouch! That really hurt!
You die...

#.....# #....>#
......# ....J.
......### #.....
........# #....
........# #... ####
........# #..+##≈≈###
........###..#≈†≈≈≈≈+
........#....#≈T@≈≈≈+
.....####....)##≈≈###
.....#.........####
#....#...........(...
#....#..........#....
[.....##...#....# ...
[.....##...#....# ..
......##...#....# .
......##..........


You could see a troll.

Vanquished Creatures
  A scorpion (D:4)
  A centaur zombie (D:4)
  A hound (D:4)
  A jelly (D:3)
  2 orc wizards
  Jessica (D:3)
  A worker ant (D:4)
  A river rat (D:6)
  2 adders
  2 shadow imps (D:5)
  An ooze (D:6)
  2 worms
  2 dart slugs (D:4)
  7 orcs
  2 ball pythons
  3 giant cockroaches
  A goblin (D:1)
  2 hobgoblins
  4 bats
  A jackal skeleton (D:4)
38 creatures vanquished.

Notes
Turn   | Place    | Note
-------+----------+-------------------------------------------
     0 | D:1      | Flugslaktarn the Vine Stalker Ice Elementalist began the
                  | quest for the Orb.
     0 | D:1      | Reached XP level 1. HP: 9/9 MP: 4/4
   114 | D:1      | Reached XP level 2. HP: 10/13 MP: 2/6
   350 | D:3      | Reached skill level 1 in Fighting
   350 | D:3      | Reached XP level 3. HP: 4/18 MP: 1/8
   355 | D:3      | Learned a level 3 spell: Frozen Ramparts
   380 | D:3      | Noticed Jessica
   386 | D:3      | Killed Jessica
   386 | D:3      | Gained mutation: Your natural rate of healing is unusually
                  | fast. [Vine Stalker growth]
   386 | D:3      | Reached XP level 4. HP: 7/22 MP: 5/10
   479 | D:5      | Entered Level 5 of the Dungeon
   486 | D:4      | Reached skill level 5 in Ice Magic
   486 | D:4      | Reached XP level 5. HP: 25/25 MP: 9/12
   548 | D:4      | Reached XP level 6. HP: 30/30 MP: 13/13
   590 | D:5      | Found a staircase to the Ecumenical Temple.
   607 | Temple   | Entered the Ecumenical Temple
   661 | Temple   | Became a worshipper of Makhleb the Destroyer
   790 | D:5      | Found a shattered altar of Ashenzari.
   849 | D:5      | Reached skill level 6 in Ice Magic
   903 | D:6      | Noticed an orc warrior
   962 | D:6      | Found an ornate altar of the Wu Jian Council.
   996 | D:6      | Noticed a troll
  1002 | D:6      | Slain by a troll

Illustrated notes

Levels and vault maps discovered:
D:1:      lightli_arrival_flooded_house, layout_rooms, kennysheep_boxes
D:2:      layout_loops_ring, minmay_overflow_temple_star_quad,
          lemuel_crystal_altar, gammafunk_temple_overflow_wave, first_ration,
          minmay_misc_feat_four_crosses, feat_on_display
D:3:      layout_loops_ring, uniq_jessica
D:4:      layout_basic, uniq_sigmund
D:5:      layout_rooms, lemuel_doored_altar, ashenzari_conservatory_becter,
          minmay_temple_entry_purple_smoke, uniq_blork_the_orc
D:6:      layout_basic, kennysheep_little_box, grunt_gozag_breadcrumbs,
          gup_sewer_entry_bowl, uniq_eustachio, uniq_prince_ribbit1
Temple:   jpeg_temple_alley_garden

Skill      XL: |  1  2  3  4  5  6 |
---------------+-------------------+-----
Spellcasting   | 3 4 |  4.0
Fighting       | 1 2 |  2.3
Ice Magic      | 5 6 |  6.0
Dodging        | 2 |  2.0
Stealth        | |  2.4

Action                   |  1- 3 |  4- 6 || total
-------------------------+-------+-------++-------
Melee: Unarmed           |     4 |       ||     4
       Bite              |     5 |    23 ||    28
       Dagger            |     9 |    59 ||    68
 Cast: Freeze            |    18 |     4 ||    22
       Frozen Ramparts   |       |     4 ||     4
  Use: Potion            |       |     2 ||     2
       Scroll            |       |     1 ||     1
 Stab: Sleeping          |       |     7 ||     7
Armor: Robe              |     8 |     6 ||    14
Dodge: Dodged            |    30 |    37 ||    67

Table legend:
 A = Non-vault XP
 B = Vault XP
 C = Vault XP percentage of total XP
 D = Non-vault monster count
 E = Vault monster count
 F = Vault count percentage of total count
                 A         B        C        D         E       F
            +---------+---------+-------+---------+---------+-------
      Total |     420 |      58 |  12.1 |      34 |       4 |  10.5
            +---------+---------+-------+---------+---------+-------
        D:1 |      13 |       0 |   0.0 |       7 |       0 |   0.0
        D:2 |       6 |       0 |   0.0 |       3 |       0 |   0.0
        D:3 |      46 |      37 |  44.6 |       3 |       1 |  25.0
        D:4 |     245 |       0 |   0.0 |       9 |       0 |   0.0
        D:5 |      49 |       0 |   0.0 |       7 |       0 |   0.0
        D:6 |      61 |      21 |  25.6 |       5 |       3 |  37.5
            +---------+---------+-------+---------+---------+-------
